 Dungeon Crawl Stone Soup version 0.23-a0-143-g1adec7b (webtiles) character file.

49 galech the Skirmisher (level 3, -1/29 HPs)
             Began as a Demonspawn Monk on Sept 4, 2018.
             Slain by a gnoll
             ... wielding a +0 spear
              (4 damage)
             ... on level 2 of the Dungeon.
             The game lasted 00:01:52 (889 turns).

galech the Skirmisher (Demonspawn Monk)              Turns: 889, Time: 00:01:52

Health: -1/29      AC:  5    Str: 11    XL:     3   Next: 51%
Magic:  0/12       EV: 11    Int: 11    God:
Gold:   44         SH:  0    Dex: 16    Spells: 2/2 levels left

rFire    . . .     SeeInvis .   a - +0 hand axe
rCold    . . .     Gourm    +   (no shield)
rNeg     . . .     Faith    .   k - +0 ring mail (curse)
rPois    .         Spirit   +   (no helmet)
rElec    .         Reflect  .   (no cloak)
rCorr    .         Harm     .   (no gloves)
MR       .....                  (no boots)
Stlth    ++........             o - amulet of the gourmand
HPRegen  0.09/turn              n - ring of magical power
MPRegen  0.13/turn              (no ring)

@: no status effects
A: powered by death 1, magic shield
a: no special abilities


You were on level 2 of the Dungeon.
You were full.

You visited 1 branch of the dungeon, and saw 2 of its levels.

You collected 44 gold pieces.

Inventory:

Hand Weapons
 a - a +0 hand axe (weapon)
Armour
 k - a cursed +0 ring mail (worn)
Jewellery
 n - a ring of magical power (left hand)
 o - an amulet of the gourmand (around neck)
Scrolls
 e - 2 scrolls of fear {unknown}
 f - a scroll of fog {unknown}
 g - a scroll of enchant weapon {unknown}
 j - a scroll of remove curse {unknown}
 l - 2 scrolls of identify {unknown}
 m - a scroll of immolation {unknown}
Potions
 b - a potion of heal wounds {unknown}
 d - 2 potions of lignification {unknown}
 h - a potion of cancellation {unknown}
 i - 2 potions of flight {unknown}
Comestibles
 c - 2 rations


   Skills:
 + Level 3.4 Fighting
 + Level 3.1 Axes
 + Level 0.3 Armour
 + Level 3.0 Dodging
 + Level 2.4 Stealth


You had 2 spell levels left.
You didn't know any spells.
Your spell library was empty.

Dungeon Overview and Level Annotations

Branches:
Dungeon (2/15)

Altars:


Innate Abilities, Weirdness & Mutations

You regenerate a little health from kills.
When hurt, damage is shared between your health and your magic reserves.


Message History

The gnoll hits you with a spear.
* * * LOW HITPOINT WARNING * * *
You hit the gnoll but do no damage.
The gnoll is moderately wounded.
The gnoll hits you with a spear.
* * * LOW HITPOINT WARNING * * *
You barely miss the gnoll.
The gnoll is moderately wounded.
The gnoll misses you. The gnoll closely misses you.
The gnoll hits you from afar with a spear.
* * * LOW HITPOINT WARNING * * *
Things that are here:
a dagger; a goblin skeleton
Things that are here:
a dagger; a goblin skeleton The gnoll shouts!
A gnoll comes into view.
The giant cockroach misses you.
The gnoll hits you from afar with a spear.
You die...

#.# #########.#
#.....(.g.#
#.##.##.#.#
######.##.##.#.#
#.......).<(...##...#
#.####.##g##.#.......
g #.##.##.####.#.# .
#..@....# #.#.# .#
####s#### #.#.# .#
#.# #.#.##.#
#.#######.#.#..#
###..(b.g....$...#
#...#######......#
.........# ####...#
######.### .#.... #.
.# .#..


You could see a gnoll and a giant cockroach.

Vanquished Creatures
  A gnoll (D:1)
  An adder (D:2)
  A leopard gecko (D:2)
  3 giant cockroaches
  5 hobgoblins
  2 jackals (D:2)
  3 bats (D:1)
  A frilled lizard (D:2)
  3 goblins
  3 kobolds
  5 rats
28 creatures vanquished.

Notes
Turn   | Place    | Note
-------+----------+-------------------------------------------
     0 | D:1      | galech the Demonspawn Monk began the quest for the Orb.
     0 | D:1      | Reached XP level 1. HP: 18/18 MP: 1/1
   365 | D:1      | Gained mutation: You regenerate a little health from kills.
                  | [demonic ancestry]
   365 | D:1      | Reached XP level 2. HP: 14/24 MP: 2/2
   810 | D:2      | Gained mutation: When hurt, damage is shared between your
                  | health and your magic reserves. [demonic ancestry]
   810 | D:2      | Reached XP level 3. HP: 22/29 MP: 3/3
   868 | D:2      | HP: 1/29 [gnoll/spear (1)]
   889 | D:2      | Slain by a gnoll

Vault maps used:
D:1:      lightli_arrival_windingriver
D:2:      kennysheep_generic_room_15, uniq_robin

Skill      XL: |  1  2  3 |
---------------+----------+-----
Stealth        | 2 |  2.4
Axes           | 3 |  3.1
Dodging        | 3 |  3.0
Fighting       | |  3.4
Armour         | |  0.3

Action                   || total
-------------------------++-------
Melee: Hand axe          ||   106
 Stab: Sleeping          ||     4
  Eat: Chunk             ||    16
Armor: Robe              ||     3
       Ring mail         ||    33
Dodge: Dodged            ||    91

Table legend:
 A = Non-vault XP
 B = Vault XP
 C = Vault XP percentage of total XP
 D = Non-vault monster count
 E = Vault monster count
 F = Vault count percentage of total count
                 A         B        C        D         E       F
            +---------+---------+-------+---------+---------+-------
      Total |      70 |       0 |   0.0 |      28 |       0 |   0.0
            +---------+---------+-------+---------+---------+-------
        D:1 |      32 |       0 |   0.0 |      13 |       0 |   0.0
        D:2 |      38 |       0 |   0.0 |      15 |       0 |   0.0
            +---------+---------+-------+---------+---------+-------
